 Dungeon Crawl Stone Soup version 0.25.1-8-g42b30a86e7 (webtiles) character file.

Game seed: 9513522809663773130

210 DildoBatman the Conjurer (level 6, -1/41 HPs)
             Began as a Formicid Wizard on Dec 19, 2020.
             Succumbed to Ijyb's poison
             ... on level 2 of the Dungeon.
             The game lasted 00:06:55 (1907 turns).

DildoBatman the Conjurer (Formicid Wizard)          Turns: 1907, Time: 00:06:56

Health: -1/41      AC:  2    Str: 17    XL:     6   Next: 12%
Magic:  6/10       EV: 12    Int: 20    God:
Gold:   120        SH:  0    Dex:  9    Spells: 4/11 levels left

rFire    . . .     SeeInvis +   f - +2 mace (venom)
rCold    . . .     Gourm    .   (no shield)
rNeg     . . .     Faith    .   a - +0 robe
rPois    .         Spirit   .   (helmet unavailable)
rElec    .         Reflect  .   (no cloak)
rCorr    .         Harm     .   (no gloves)
MR       .....                  (no boots)
Stlth    ++........             r - amulet of regeneration
HPRegen  0.53/turn              g - +6 ring of strength
MPRegen  0.12/turn              (no ring)

@: lethally poisoned (-1 -> -36), stab, flying
A: permanent stasis, dig shafts and tunnels, four strong arms, antennae 3
a: Dig, Shaft Self


You were on level 2 of the Dungeon.
You were very hungry.

You visited 1 branch of the dungeon, and saw 3 of its levels.

You collected 120 gold pieces.

Inventory:

Hand Weapons
 f - a +2 mace of venom (weapon)
Missiles
 d - 138 stones (quivered)
 h - 36 bolts
 j - 37 arrows
Armour
 a - a +0 robe (worn)
Jewellery
 g - a +6 ring of strength (left hand)
 o - an uncursed ring of flight
 r - an amulet of regeneration (around neck)
Scrolls
 b - 2 scrolls of teleportation {unknown}
 e - 3 scrolls of magic mapping {unknown}
 k - 2 scrolls of fog {unknown}
 n - 5 scrolls of identify {unknown}
 q - a scroll of blinking {unknown}
 s - a scroll of remove curse {unknown}
Potions
 i - a potion of stabbing
Comestibles
 v - 4 rations


   Skills:
 * Level 0.2 Fighting
 * Level 0.4 Armour
 - Level 1.7 Dodging
 - Level 2.4 Stealth
 - Level 3.2 Spellcasting
 * Level 4.9 Conjurations
   Level 1.0 Summonings
   Level 0.8 Translocations
 * Level 0.2 Fire Magic
 * Level 0.1 Air Magic
 * Level 0.3 Poison Magic


You had 4 spell levels left.
You knew the following spells:

 Your Spells              Type           Power        Failure   Level  Hunger
a - Conjure Flame         Conj/Fire      ##......     14%         3    ###....
c - Magic Dart            Conj           ###.         1%          1    None
e - Mephitic Cloud        Conj/Pois/Air  ##......     21%         3    ###....

Your spell library contained the following spells:

 Spells                   Type           Power        Failure   Level  Hunger
 Call Imp                 Summ           #.......     14%         2    ##.....
 Slow                     Hex            #.......     22%         2    ##.....
 Blink                    Tloc           Unusable     N/A         2    N/A

Dungeon Overview and Level Annotations

Branches:
Dungeon (3/15)

Altars:

Annotations:
D:2 Natasha, Terence


Innate Abilities, Weirdness & Mutations

You cannot be hasted, slowed, berserked, paralysed or teleported.
You can dig through walls and to a lower floor.
Your four strong arms can wield two-handed weapons with a shield.
You have a pair of large antennae on your head. (SInv)


Message History

Ijyb is heavily wounded.
You feel very sick.
Natasha seems less confused.
Ijyb hits you with a +2 dagger of venom.
You are more poisoned.
Ijyb hits you with a +2 dagger of venom.
You are more poisoned.
You closely miss Ijyb.
Ijyb is almost dead.
You feel very sick.
You kill Ijyb!
You have reached level 6!
Your experience leads to an increase in your attributes!
Your base attributes are Str 11, Int 19, Dex 9.
Increase (s)trength, (i)ntelligence, or (d)exterity?
You feel clever. Natasha claws you.
You barely miss Natasha.
Natasha is moderately wounded.
You die...

#### ### #..############# #.#####
...............# #.....#
#..######.####.# #.###.#
..........# #.### #.###.#
...######.####.#@###..##.########
.### #.........h##...............
.#####..........####..##.########
###...........>).............####
#........###.............†..)÷.
###...........).#..............##
........#.......#..............##
........#.......#......#.........
........#.......#.#.####..<......


You could see Natasha.

Vanquished Creatures
  An ogre (D:3)
  Ijyb (D:2)
  3 adders (D:2)
  2 oozes (D:1)
  A dart slug (D:1)
  2 ball pythons
  6 bats
  3 giant cockroaches
  8 hobgoblins
  5 quokkas
  4 frilled lizards
  9 goblins
  15 kobolds
  8 rats
68 creatures vanquished.

Notes
Turn   | Place    | Note
-------+----------+-------------------------------------------
     0 | D:1      | DildoBatman the Formicid Wizard began the quest for the
                  | Orb.
     0 | D:1      | Reached XP level 1. HP: 13/13 MP: 4/4
    23 | D:1      | Reached skill level 1 in Conjurations
   135 | D:1      | Reached XP level 2. HP: 19/19 MP: 4/6
   195 | D:1      | Reached skill level 2 in Conjurations
   233 | D:1      | Reached XP level 3. HP: 6/24 MP: 0/7
   624 | D:2      | Reached skill level 3 in Conjurations
   731 | D:2      | Reached XP level 4. HP: 30/30 MP: 6/8
   736 | D:2      | Learned a level 3 spell: Conjure Flame
   740 | D:2      | Learned a level 3 spell: Mephitic Cloud
   933 | D:2      | You fall into a shaft and drop 1 floor!
  1108 | D:3      | Noticed Terence
  1486 | D:3      | Noticed an ogre
  1500 | D:3      | Killed an ogre
  1500 | D:3      | Reached skill level 4 in Conjurations
  1500 | D:3      | Reached XP level 5. HP: 18/35 MP: 1/9
  1706 | D:3      | Noticed Ijyb
  1814 | D:3      | Noticed Natasha
  1906 | D:2      | Killed Ijyb
  1906 | D:2      | Reached XP level 6. HP: 8/41 MP: 6/10
  1907 | D:2      | Succumbed to Ijyb's poison

Illustrated notes

Levels and vault maps discovered:
D:1:      eino_arrival_cavern_b, layout_rooms
D:2:      layout_basic
D:3:      layout_basic, uniq_ijyb, uniq_natasha, uniq_terence

Skill      XL: |  1  2  3  4 |
---------------+-------------+-----
Conjurations   | 1 2 3 4 |  4.9
Fighting       | |  0.2
Armour         | |  0.4
Dodging        | |  1.7
Stealth        | |  2.4
Spellcasting   | |  3.2
Summonings     | |  1.0
Translocations | |  0.8
Fire Magic     | |  0.2
Air Magic      | |  0.1
Poison Magic   | |  0.3

Action                   |  1- 3 |  4- 6 || total
-------------------------+-------+-------++-------
Melee: Mace              |    49 |    33 ||    82
 Cast: Magic Dart        |    38 |    42 ||    80
       Mephitic Cloud    |       |     5 ||     5
 Abil: Dig               |       |     5 ||     5
  Use: Potion            |       |     5 ||     5
 Stab: Sleeping          |     3 |       ||     3
  Eat: Chunk             |       |     3 ||     3
Armor: Robe              |     9 |     7 ||    16
Dodge: Dodged            |    38 |    37 ||    75
